 Dungeon Crawl Stone Soup version 0.24.0-123-gd5b16e6ec5 (webtiles) character file.

Game seed: 10431678025049136399, levelgen mode: deterministic

17172 Curus the Basher (level 12, -12/107 HPs)
             Began as a Minotaur Fighter on Jan 19, 2020.
             Was the Champion of Okawaru.
             Killed from afar by an electric eel (14 damage)
             ... with a bolt of electricity
             ... on level 2 of the Lair of Beasts.
             The game lasted 00:58:05 (12368 turns).

Curus the Basher (Minotaur Fighter)                Turns: 12368, Time: 00:58:06

Health: -12/107    AC: 22    Str: 21    XL:     12   Next: 16%
Magic:  14/16      EV: 11    Int:  8    God:    Okawaru [******]
Gold:   775        SH: 15    Dex: 12    Spells: 11/11 levels left

rFire    . . .     SeeInvis .   a - +1 flail
rCold    + + .     Gourm    .   c - +1 shield
rNeg     . . .     Faith    +   w - +1 chain mail {rC+}
rPois    .         Spirit   .   (helmet restricted)
rElec    .         Reflect  .   (no cloak)
rCorr    .         Harm     .   l - +2 pair of gloves
MR       +....                  n - +2 pair of boots {Stlth+}
Stlth    ..........             t - amulet of faith
HPRegen  0.27/turn              p - ring of protection from magic
MPRegen  0.15/turn              i - ring of protection from cold

@: heroism, very slow
A: retaliatory headbutt, horns 2
a: Heroism, Finesse, Renounce Religion


You were on level 2 of the Lair of Beasts.
You worshipped Okawaru.
Okawaru was exalted by your worship.
You were not hungry.

You visited 3 branches of the dungeon, and saw 12 of its levels.
You also visited: Sewer and Volcano.

You collected 775 gold pieces.

Inventory:

Hand Weapons
 a - a +1 flail (weapon)
Armour
 b - a +0 scale mail
 c - a +1 shield (worn)
 g - a +4 plate armour
 l - a +2 pair of gloves (worn)
 n - a +2 pair of boots of stealth (worn)
 w - a +1 chain mail of cold resistance (worn)
 C - a +3 chain mail of poison resistance
Jewellery
 e - an uncursed ring of stealth
 h - a -3 ring of protection
 i - a ring of protection from cold (right hand)
 m - a +3 ring of protection
 p - a ring of protection from magic (left hand)
 t - an amulet of faith (around neck)
 u - an uncursed amulet of the gourmand
Wands
 s - a wand of digging (3)
 x - a wand of flame (37)
Scrolls
 j - 4 scrolls of teleportation
 k - 9 scrolls of identify
 o - 2 scrolls of magic mapping
 q - 3 scrolls of enchant weapon
 r - 4 scrolls of fog
 v - a scroll of holy word
 y - 3 scrolls of remove curse
 z - 2 scrolls of fear
 E - a scroll of amnesia
Potions
 d - 5 potions of might
 A - 2 potions of curing
Miscellaneous
 B - a fan of gales (inert)
Comestibles
 f - 22 rations
 D - a chunk of flesh


   Skills:
 + Level 10.5(15.5) Fighting
 - Level 14.0(19.0) Maces & Flails
 + Level 10.5(15.5) Armour
 - Level 10.1(15.1) Shields
 - Level 7.8 Invocations


You had 11 spell levels left.
You didn't know any spells.
Your spell library contained the following spells:

 Spells                   Type           Power        Failure   Level  Hunger
 Corona                   Hex            #......      91%         1    ##.....
 Sandblast                Erth           #.....       91%         1    ##.....
 Ensorcelled Hibernation  Hex/Ice        #.....       97%         2    ###....
 Passwall                 Tmut/Erth      #.......     97%         2    ###....
 Confuse                  Hex            #.......     99%         3    ####...
 Dazzling Spray           Conj/Hex       #.....       99%         3    ####...
 Stone Arrow              Conj/Erth      #.....       99%         3    ####...
 Tukima's Dance           Hex            #.......     99%         3    ####...
 Petrify                  Tmut/Erth      #.......     100%        4    #####..
 Lee's Rapid Deconstruct  Erth           #.........   100%        5    ######.


Dungeon Overview and Level Annotations

Branches:
Dungeon (9/15)             Temple (1/1) D:6            Lair (2/6) D:9
    Orc (0/2) D:9           Sewer (visited)         Volcano (visited)
  Swamp: Lair:2-4    Shoals: Lair:2-4     Snake: Lair:2-4    Spider: Lair:2-4

Altars:
Ashenzari
Cheibriados
Dithmenos
Elyvilon
Fedhas
Gozag
Hepliaklqana
Kikubaaqudgha
Okawaru
Qazlal
Sif Muna
Trog
Vehumet
Wu Jian
Xom
Zin

Annotations:
D:6 2 transporters, FluffierThanThou's ghost, novice DsBe
D:8 3 runed translucent doors, Alannah's ghost, novice DsHu


Innate Abilities, Weirdness & Mutations

You reflexively headbutt those who attack you in melee.
You have a pair of horns on your head.


Message History

As you read the scroll of teleportation, it crumbles to dust.
You feel strangely unstable.
You block the seven-headed hydra's attack. x2
The seven-headed hydra bites you but does no damage.
You block the seven-headed hydra's attack.
The seven-headed hydra completely misses you.
You block the seven-headed hydra's attack. x2
Your surroundings suddenly seem different.
Splash!
You fall into the shallow water.
Moving in this stuff is going to be slow.
An electric eel comes into view.
The electric eel shoots out a bolt of lightning at you!
The bolt of electricity hits you!
* * * LOW HITPOINT WARNING * * *
You hit the electric eel.
The electric eel is lightly wounded.
The electric eel shoots out a bolt of lightning at you!
The bolt of electricity hits you!
You die...

≈≈≈≈......#.#
♣♣≈≈≈≈PP≈P≈≈P.......##
♣♣≈≈≈≈≈P≈≈PPPP...#....#
♣PP≈≈≈≈≈≈P≈≈≈...#.##...
♣P≈≈≈≈≈≈≈≈P≈P....##....
♣≈≈≈≈≈≈≈≈≈≈≈....# ###..
♣P≈≈≈≈≈≈≈≈≈≈≈P.. ##.#
♣≈≈≈≈;≈≈≈≈P≈≈..# ##...
♣≈≈@≈≈P≈≈P≈...##....
♣♣♣≈≈≈≈≈PP≈......†..
♣♣♣♣...#.......†.#
.......#..###
...P##.### .# ### .
#### ###.#. #.....


You could see an electric eel.

Vanquished Creatures
  A stone giant (Volcano)
  An ugly thing (D:9)
  A black mamba (Lair:1)
  3 spiny frogs
  A komodo dragon (Lair:1)
  Grinder (D:3)
  2 hornets (D:8)
  12 blink frogs
  5 hippogriffs
  Sigmund (D:4)
  12 yaks (Lair:2)
  6 fire bats (Volcano)
  2 wyverns (Lair:1)
  2 fire elementals (Volcano)
  A basilisk (Lair:1)
  A hungry ghost (D:9)
  A soldier ant (D:8)
  Edmund (D:6)
  20 water moccasins
  5 porcupines (Lair:1)
  2 ice beasts
  3 sky beasts (D:6)
  An orc warrior (D:7)
  2 black bears
  3 wolves (Lair:1)
  A phantom (D:9)
  4 centaurs
  2 ogres
  4 crocodiles
  A big kobold (D:7)
  A gnoll sergeant (D:7)
  8 bullfrogs
  2 earth elementals (Volcano)
  3 scorpions
  2 troll zombies (D:9)
  3 howler monkeys (D:9)
  3 wights (D:8)
  An electric eel (Lair:2)
  8 lava snakes (Volcano)
  2 crimson imps (D:8)
  A bullfrog zombie (D:8)
  A quasit (D:8)
  2 orc priests (D:9)
  2 centaur skeletons (D:6)
  3 hounds
  A jelly (D:6)
  3 orc wizards
  Jessica (D:2)
  Terence (D:3)
  2 iguanas (D:7)
  6 worker ants
  3 ogre zombies (D:9)
  A hound zombie (D:6)
  A worker ant zombie (D:7)
  10 gnolls
  22 adders
  A river rat (D:6)
  A shadow imp (D:7)
  An ooze (D:2)
  2 worms
  3 dart slugs
  9 leopard geckos
  26 orcs
  14 giant cockroaches
  11 goblins
  4 hobgoblins
  9 jackals
  3 quokkas
  A ball python (D:6)
  10 bats
  10 frilled lizards
  A goblin zombie (D:9)
  A hobgoblin skeleton (D:9)
  A hobgoblin zombie (D:9)
  A jackal skeleton (D:4)
  10 kobolds
  A leopard gecko skeleton (D:8)
  An orc skeleton (D:9)
  13 orc zombies (D:9)
  13 rats
342 creatures vanquished.

Vanquished Creatures (others)
  2 fungi (Lair:2)
  7 plants (Lair:2)
9 creatures vanquished.

Grand Total: 351 creatures vanquished

Notes
Turn   | Place    | Note
-------+----------+-------------------------------------------
     0 | D:1      | Curus the Minotaur Fighter began the quest for the Orb.
     0 | D:1      | Reached XP level 1. HP: 19/19 MP: 0/0
    40 | D:1      | Reached skill level 3 in Maces & Flails
    55 | D:1      | Reached XP level 2. HP: 24/26 MP: 1/1
   288 | D:1      | Reached skill level 4 in Maces & Flails
   431 | D:1      | Reached XP level 3. HP: 31/31 MP: 2/2
   838 | D:2      | Reached skill level 5 in Maces & Flails
   916 | D:2      | Noticed Jessica
   925 | D:2      | Killed Jessica
   925 | D:2      | Reached XP level 4. HP: 37/39 MP: 3/3
  1194 | D:2      | Reached skill level 6 in Maces & Flails
  1337 | D:2      | Reached XP level 5. HP: 38/45 MP: 4/4
  1972 | D:3      | Found a glowing silver altar of Zin.
  2088 | D:3      | Noticed Grinder
  2110 | D:3      | Killed Grinder
  2110 | D:3      | Reached skill level 8 in Maces & Flails
  2110 | D:3      | Reached XP level 6. HP: 23/51 MP: 5/5
  2395 | D:3      | Noticed Terence
  2400 | D:3      | Killed Terence
  2847 | D:4      | Reached skill level 9 in Maces & Flails
  2853 | D:4      | Reached XP level 7. HP: 52/57 MP: 6/6
  2861 | D:4      | Noticed Sigmund
  3148 | D:4      | Reached skill level 10 in Maces & Flails
  3243 | D:4      | Killed Sigmund
  3610 | D:5      | Entered Level 5 of the Dungeon
  3907 | D:5      | Reached skill level 11 in Maces & Flails
  3907 | D:5      | Reached XP level 8. HP: 43/64 MP: 7/7
  4488 | D:6      | Found a staircase to the Ecumenical Temple.
  4503 | Temple   | Entered the Ecumenical Temple
  4596 | Temple   | Became a worshipper of Warmaster Okawaru
  4652 | D:6      | Found a transporter.
  4655 | D:6      | Found a transporter.
  4656 | D:6      | Noticed FluffierThanThou's ghost (novice DsBe)
  4659 | D:6      | Noticed a komodo dragon
  4903 | D:6      | Found a glowing drain.
  4909 | Sewer    | Entered a sewer
  5484 | D:6      | Reached skill level 12 in Maces & Flails
  5502 | D:6      | Noticed Edmund
  5548 | D:6      | Killed Edmund
  5548 | D:6      | Reached * piety under Okawaru
  5548 | D:6      | Reached skill level 13 in Maces & Flails
  5913 | D:7      | Reached XP level 9. HP: 58/70 MP: 8/8
  5974 | D:7      | Reached ** piety under Okawaru
  5981 | D:7      | Reached skill level 14 in Maces & Flails
  6082 | D:7      | Found an iron altar of Okawaru.
  6630 | D:8      | Reached skill level 5 in Fighting
  6630 | D:8      | Reached skill level 5 in Armour
  6655 | D:8      | HP: 3/75 [poisoned by a soldier ant]
  6663 | D:8      | HP: 3/75 [poisoned by a soldier ant]
  6984 | D:8      | Found a runed translucent gate.
  6986 | D:8      | Found a runed translucent gate.
  6986 | D:8      | Found a runed translucent gate.
  6998 | D:8      | Noticed Alannah's ghost (novice DsHu)
  7038 | D:8      | Reached *** piety under Okawaru
  7617 | D:9      | Noticed a red ugly thing
  7636 | D:9      | Killed a red ugly thing
  7636 | D:9      | Reached XP level 10. HP: 39/86 MP: 6/9
  7682 | D:9      | Found a staircase to the Orcish Mines.
  7810 | D:9      | Found a staircase to the Lair.
  7827 | D:9      | Reached **** piety under Okawaru
  7889 | Lair:1   | Entered Level 1 of the Lair of Beasts
  7902 | Lair:1   | Noticed a black mamba
  7923 | Lair:1   | Killed a black mamba
  7923 | Lair:1   | Reached skill level 1 in Invocations
  8222 | Lair:1   | Reached skill level 5 in Shields
  8247 | Lair:1   | Reached ***** piety under Okawaru
  8560 | Lair:1   | Reached skill level 5 in Invocations
  8708 | Lair:1   | Reached XP level 11. HP: 42/95 MP: 12/14
  9924 | Lair:2   | Received a gift from Okawaru
 10054 | Lair:2   | Found a dark tunnel.
 10070 | Volcano  | Entered a volcano
 10137 | Volcano  | Reached ****** piety under Okawaru
 10390 | Volcano  | Received a gift from Okawaru
 10457 | Volcano  | Noticed a stone giant
 10474 | Volcano  | Killed a stone giant
 10474 | Volcano  | Reached skill level 10 in Shields
 11545 | Lair:2   | Reached XP level 12. HP: 66/106 MP: 16/16
 11554 | Lair:2   | Reached skill level 10 in Fighting
 11554 | Lair:2   | Reached skill level 10 in Armour
 11941 | Lair:2   | Received a gift from Okawaru
 12352 | Lair:2   | Noticed a seven-headed hydra
 12367 | Lair:2   | HP: 2/107 [electric eel/bolt of electricity (8)]
 12368 | Lair:2   | Killed from afar by an electric eel

Levels and vault maps discovered:
D:1:      ncdulo_smallfort, layout_basic, kennysheep_crisscross
D:2:      minmay_inner_zag, layout_loops_corners, uniq_jessica
D:3:      kennysheep_big_flooded_room, layout_basic, zin_treasury, first_ration,
          uniq_grinder, uniq_terence
D:4:      layout_rooms, minmay_misc_feat_iff, uniq_sigmund
D:5:      layout_basic
D:6:      layout_basic, minmay_temple_entry_junction, portal_sewer_entry_e,
          gammafunk_ghost_arena, roderic_three_in_a_row,
          kennysheep_another_room, hangedman_decor_clover_reticule, uniq_edmund
D:7:      layout_basic, grunt_ministairs_3, okawaru_trees_2
D:8:      layout_cave_pools, enter_bailey_7, gammafunk_ghost_split,
          dk_noncrumbling_2, hangedman_pestilent_swarm
D:9:      layout_basic, lair_entry_dummy, zombieorc1_lemuel
Temple:   kilobyte_greek_temple
Lair:1:   layout_gridlike, grunt_megastairs_1, infiniplex_staircase_pool_2
Lair:2:   lemuel_reptile_caves, layout_cave_pods, enter_volcano_1, serial_bayou,
          serial_bayou_shore_a, serial_bayou_lagoon_a, serial_bayou_crossing,
          serial_bayou_lake_a

Skill      XL: |  1  2  3  4  5  6  7  8  9 10 11 12 |
---------------+-------------------------------------+-----
Maces & Flails | 3 4 5 6 8 9 11 13 14 | 14.0
Fighting       | 7 8 9 10 | 10.5
Armour         | 7 8 9 10 | 10.5
Shields        | 7 10 | 10.1
Invocations    | 5 7 |  7.8

Action                   |  1- 3 |  4- 6 |  7- 9 | 10-12 || total
-------------------------+-------+-------+-------+-------++-------
Melee: Flail             |   108 |   117 |   496 |   747 ||  1468
       Headbutt          |     9 |    20 |    78 |   139 ||   246
Invok: Heroism           |       |       |     2 |     5 ||     7
Evoke: Wand              |       |       |       |     7 ||     7
       Fan of gales      |       |       |       |     1 ||     1
  Use: Scroll            |     5 |     3 |    11 |     2 ||    21
       Potion            |     2 |     4 |     4 |     4 ||    14
  Eat: Chunk             |       |     3 |    10 |    16 ||    29
       Ration            |       |     1 |     2 |       ||     3
Armor: Scale mail        |     5 |       |       |       ||     5
       Plate armour      |    52 |    51 |   278 |   107 ||   488
       Chain mail        |       |       |       |   253 ||   253
Dodge: Dodged            |    15 |    15 |    72 |   143 ||   245
Block: Shield            |    40 |    48 |   194 |   416 ||   698
